 Dungeon Crawl Stone Soup version 0.29-a0-613-gf2c431b9b9 (webtiles) character file.

Game seed: 11954354221317648728

15987 Shayle the Nimble (level 12, 0/80 HPs)
             Began as a Tengu Brigand on June 16, 2022.
             Was a Priest of Ashenzari.
             Slain by Urug
             ... wielding a +6 halberd
              (19 damage)
             ... on level 1 of the Lair of Beasts.
             The game lasted 00:49:46 (14076 turns).

Shayle the Nimble (Tengu Brigand)                  Turns: 14076, Time: 00:49:46

Health: 0/80       AC: 13    Str: 19    XL:     12   Next: 32%
Magic:  26/26      EV: 20    Int: 15    God:    Ashenzari [***...]
Gold:   1403       SH:  5    Dex: 16    Spells: 20/30 levels left

rFire   . . .      SeeInvis +   w - +2 scimitar (elec)
rCold   + + .      Faith    .   (no shield)
rNeg    + . .      Spirit   .   U - +1 acid dragon scales
rPois   .          Reflect  +   (helmet restricted)
rElec   .          Harm     .   c - +2 cloak of the Clairvoyant Yoke {Elem, Cun} (curse)
rCorr   +          Rampage  .   C - +2 pair of gloves "Profound Adversity" {Comp, Self} (curse)
Will    .....      Clarity  +   (boots unavailable)
Stlth   ++++......              P - amulet "Waeruni" {Reflect Drain rC+ rN+ SH+5}
HPRegen 0.23/turn               l - ring "Sibylline Doubts" {Str+6, Alch, Comp} (curse)
MPRegen 0.20/turn               b - ring "Per Aspera Ad Scientiam" {rC+, Self, Bglg} (curse)

@: flying quickly and evasively, invisible, quick
A: beak, talons 3, nimble flight
a: Renounce Religion, Curse Item, Shatter the Chains


You were on level 1 of the Lair of Beasts.
You worshipped Ashenzari.
Ashenzari was most pleased with you.
You visited 3 branches of the dungeon, and saw 13 of its levels.

You collected 1852 gold pieces.
You spent 449 gold pieces at shops.

Inventory:

Hand Weapons
 r - the +7 dagger "Pueren" {speed, rPois}
   (You found it on level 3 of the Dungeon)

   Attacks with this weapon are significantly faster.
   rPois:     It protects you from poison.
 w - a +2 scimitar of electrocution (weapon)
 E - the +11 short sword of Contradiction {flame, MP+9 Str-5 Int+4}
   (You found it on level 6 of the Dungeon)

   It burns those it strikes, dealing additional fire damage.
   Str:       It affects your strength (-5).
   Int:       It affects your intelligence (+4).
   MP:        It affects your magic capacity (+9).
Missiles
 d - 37 poisoned darts (quivered)
 e - 2 curare-tipped darts
 q - 4 silver javelins
 x - 2 javelins
 L - 5 atropa-tipped darts
Armour
 c - the cursed +2 cloak of the Clairvoyant Yoke (worn) {Elem, Cun}

   It has a curse which improves the following skills: Elements: Fire Magic, Ice
   Magic, Air Magic and Earth Magic.
   Cunning:   Dodging and Stealth.
 C - the cursed +2 pair of gloves "Profound Adversity" (worn) {Comp, Self}
   (You found it on level 6 of the Dungeon)

   It has a curse which improves the following skills: Companions: Summonings
   and Necromancy.
   Introspection: Fighting and Spellcasting.
 M - a +3 leather armour
 U - +1 acid dragon scales (worn)
Magical Staves
 N - a staff of conjuration
Jewellery
 b - the cursed ring "Per Aspera Ad Scientiam" (right hand) {rC+, Self, Bglg}
   (You found it on level 7 of the Dungeon)

   [ring of protection from cold]

   rC:        It protects you from cold.
   It has a curse which improves the following skills: Introspection: Fighting
   and Spellcasting.
   Beguiling: Conjurations, Hexes and Translocations.
 l - the cursed ring "Sibylline Doubts" (left hand) {Str+6, Alch, Comp}
   (You found it on level 5 of the Dungeon)

   [ring of strength]

   Str:       It affects your strength (+6).
   It has a curse which improves the following skills: Alchemy: Poison Magic and
   Transmutations.
   Companions: Summonings and Necromancy.
 u - a ring of positive energy
 v - the ring of Cenn {rCorr Int+3 Dex+4}
   (You took it off an orc warrior on level 9 of the Dungeon)

   [ring of resist corrosion]

   Int:       It affects your intelligence (+3).
   Dex:       It affects your dexterity (+4).
   rCorr:     It protects you from acid and corrosion.
 B - the ring "Okaamega" {Ice *Corrode rPois Int+4}
   (You found it on level 9 of the Dungeon)

   [ring of ice]

   It enhances your ice magic.
   Int:       It affects your intelligence (+4).
   rF:        It makes you vulnerable to fire.
   rC:        It protects you from cold.
   rPois:     It protects you from poison.
   *Corrode:  It may corrode you when you take damage.
 I - a ring of willpower
 P - the amulet "Waeruni" (around neck) {Reflect Drain rC+ rN+ SH+5}
   (You bought it in a shop on level 4 of the Dungeon)

   [amulet of reflection]

   It reflects blocked missile attacks.
   rC:        It protects you from cold.
   rN:        It protects you from negative energy.
   Drain:     It drains your maximum health when unequipped.
   SH:        It affects your SH (+5).
 R - a ring of fire
 S - a +4 ring of evasion
 T - a +4 ring of slaying
 V - the ring "Hoclowec" {+Blink rC+ rN+ Int-2 Dex+7}
   (You took it off an orc on level 9 of the Dungeon)

   [ring of protection from cold]

   Int:       It affects your intelligence (-2).
   Dex:       It affects your dexterity (+7).
   rC:        It protects you from cold.
   rN:        It protects you from negative energy.
   +Blink:    It lets you blink.
 W - the ring of the Townfolk {Fly rElec rF- rN+ Str+5}
   (You took it off an orc wizard on level 9 of the Dungeon)

   [ring of positive energy]

   Str:       It affects your strength (+5).
   rF:        It makes you vulnerable to fire.
   rElec:     It insulates you from electricity.
   rN:        It protects you from negative energy.
   Fly:       It grants you flight.
Wands
 y - a wand of flame (13)
 z - a wand of digging (14)
 O - a wand of paralysis (3)
Scrolls
 a - 4 scrolls of vulnerability
 h - 2 scrolls of blinking
 k - a scroll of poison
 o - 5 scrolls of teleportation
 G - 3 scrolls of fear
 J - 2 scrolls of fog
 K - 3 scrolls of amnesia
Potions
 g - 6 potions of degeneration
 j - 3 potions of curing
 m - 5 potions of attraction
 n - 5 potions of brilliance
 p - 2 potions of mutation
 s - 2 potions of haste
 t - a potion of invisibility
 A - 3 potions of resistance
 D - 2 potions of cancellation
 F - a potion of might
 H - a potion of magic
 Q - a potion of ambrosia
 X - a potion of berserk rage


   Skills:
 + Level 8.5(11.0) Fighting
 - Level 2.1 Short Blades
 - Level 2.0 Throwing
 + Level 9.0(10.6) Dodging
 - Level 8.9(10.5) Stealth
 + Level 7.4(9.9) Spellcasting
 + Level 6.2(7.8) Conjurations
 + Level 5.5(7.9) Summonings
 + Level 5.0(7.4) Necromancy
 + Level 8.3(10.0) Fire Magic
 + Level 3.6(5.1) Poison Magic


You had 20 spell levels left.
You knew the following spells:

 Your Spells              Type           Power      Damage    Failure   Level
a - Scorch                Fire           74%        2d9       1%          2
b - Flame Wave            Conj/Fire      34%        2d8       3%          4
c - Olgreb's Toxic Radia  Pois           22%        N/A       16%         4

Your spell library contained the following spells:

 Spells                   Type           Power      Damage    Failure   Level
 Sublimation of Blood     Necr           29%        N/A       1%          2
 Sting                    Tmut/Pois      60%        1d6       4%          1
 Poisonous Vapours        Pois/Air       30%        N/A       7%          2
 Wereblood                Tmut           8%         N/A       19%         2
 Summon Cactus Giant      Summ           15%        N/A       58%         6
 Summon Hydra             Summ           15%        N/A       99%         7
 Dispersal                Tloc           4%         N/A       100%        6
 Disjunction              Tloc           4%         N/A       100%        8


Dungeon Overview and Level Annotations

Branches:
Dungeon (11/15)            Temple (1/1) D:5            Lair (1/6) D:11
    Orc: D:9-12

Altars:
Ashenzari
Dithmenos
Gozag
Qazlal
Ru
Sif Muna
Trog
Uskayaw
Xom
Zin

Shops:
D:1 =   D:4 =   D:5 (

Annotations:
Lair:1 Urug


Innate Abilities, Weirdness & Mutations

You have a beak for a mouth.
You have claws for feet.
Your magical nature lets you fly swiftly and evasively.


Message History

You reach down and open the door.
There is an open door here.
You reach down and open the door.
There is an open door here.
Found a stone staircase leading down.
Found a +0 ring mail.
Urug the Orcish Ballista comes into view.
She is wielding a +6 halberd.
Found a scroll of identify.
A cane toad comes into view.
Okay, then.
Aiming: Paralyse
Press: ? - help, Shift-Dir - straight line, f - Urug
Aim: Urug, wielding a +6 halberd, wearing a +0 chain mail and quivering javelins (chance to affect: 31%) Urug easily resists.
Urug throws a javelin.
The javelin pierces through you!!
Aiming: Paralyse
Press: ? - help, Shift-Dir - straight line, f/p - Urug
Aim: Urug, wielding a +6 halberd, wearing a +0 chain mail and quivering javelins (chance to affect: 31%) Urug easily resists.
Aiming: Paralyse
Press: ? - help, Shift-Dir - straight line, f/p - Urug
Aim: Urug, wielding a +6 halberd, wearing a +0 chain mail and quivering javelins (chance to affect: 31%) Urug easily resists.
The cane toad croaks.
Urug misses you.
Aiming: Paralyse
Press: ? - help, Shift-Dir - straight line, f/p - Urug
Aim: Urug, wielding a +6 halberd, wearing a +0 chain mail and quivering javelins (chance to affect: 31%) Urug easily resists.
Urug closely misses you.
You hit Urug. Your kick misses Urug.
Urug is lightly wounded.
Urug squints and screams, "I know a harpy when I see one!"
Urug hits you with a +6 halberd!! Urug barely misses you.
You fade into invisibility!
The cane toad barely misses you. Urug hits you with a +6 halberd!!
* * * LOW HITPOINT WARNING * * *
You feel better. The cane toad completely misses you. Urug misses you.
As you read the scroll of summoning, it crumbles to dust.
Wisps of shadow whirl around you... The cane toad misses you.
Urug hits you with a +6 halberd!!
You die...

#...#.#.#...#
#.....
#.###......##
#.....
#.......#..#
#.....
#...P##.+.##
#.....
#.......###
####'#
##+Y#####
##.# ##YY.#
####..#
##.PS+####
#......
#.P.@....#
#......
#Y..oFY.##
#......
#.....>S..#
*#......
#.[.......#
#.......
##.......##
.........
#.....?.+
...#......
#.......#
#.########
#.......# ##*


You could see Urug (can't see you, ally target), a cane toad (can't see you,
ally target), a friendly black mamba (summoned), 5 friendly yaks and a friendly
water moccasin (summoned).

Vanquished Creatures
  A hydra (D:7)
  A boulder beetle (D:9)
  3 two-headed ogres
  A deep elf pyromancer (D:9)
  An ugly thing (D:7)
  A faun (shapeshifter) (D:9)
  A cyclops (D:9)
  2 cane toads (Lair:1)
  A gargoyle (D:10)
  A rime drake (Lair:1)
  A freezing wraith (D:9)
  An unseen horror (D:10)
  A komodo dragon (Lair:1)
  2 trolls (D:9)
  A vampire (D:9)
  5 wraiths
  8 yaks (Lair:1)
  4 vampire mosquitoes (D:11)
  An acid dragon (D:9)
  3 water moccasins
  5 orc warriors
  A sky beast (D:6)
  3 black bears (D:6)
  2 ice beasts
  2 ogres
  5 wolves
  7 centaurs
  2 kobold brigands (D:9)
  Blork the orc (D:6)
  7 bullfrogs
  4 necrophages
  5 scorpions
  6 wights
  18 killer bees
  3 electric eels (D:11)
  10 howler monkeys
  4 jellies
  9 hounds
  5 orc priests
  A gnoll shaman (D:10)
  5 iguanas
  Natasha (thrice) (D:2)
  13 orc wizards
  7 gnolls
  2 adders
  A shadow imp (D:7)
  A white imp (D:7)
  An ufetubus (D:7)
  2 worms (D:5)
  2 dart slugs
  19 orcs
  3 endoplasms
  2 giant cockroaches
  A goblin (D:1)
  4 hobgoblins
  5 quokkas
  7 ball pythons
  4 bats
  A frilled lizard (D:3)
  15 kobolds
  20 rats
258 creatures vanquished.

Vanquished Creatures (others)
  3 fungi (Lair:1)
  A plant (Lair:1)
4 creatures vanquished.

Grand Total: 262 creatures vanquished

Notes
Turn   | Place    | Note
-------+----------+-------------------------------------------
     0 | D:1      | Shayle the Tengu Brigand began the quest for the Orb.
     0 | D:1      | Reached XP level 1. HP: 12/12 MP: 2/2
   316 | D:1      | Reached XP level 2. HP: 17/17 MP: 3/3
   510 | D:1      | Found a faded altar of an unknown god.
   732 | D:1      | Found Watayn's Jewellery Emporium.
  1018 | D:2      | Noticed Natasha
  1025 | D:2      | Killed Natasha
  1026 | D:2      | Reached skill level 1 in Spellcasting
  1026 | D:2      | Reached XP level 3. HP: 22/22 MP: 5/5
  1073 | D:2      | Reached skill level 2 in Dodging
  1224 | D:2      | Noticed Natasha
  1231 | D:2      | Killed Natasha
  1232 | D:2      | Reached XP level 4. HP: 27/27 MP: 5/7
  1590 | D:2      | Noticed Natasha
  1595 | D:2      | Killed Natasha
  1688 | D:3      | Identified the +7 dagger "Pueren" {speed, rPois}
  1745 | D:3      | Gained mutation: Your magical nature lets you fly swiftly
                  | and evasively. [Tengu growth]
  1745 | D:3      | Reached XP level 5. HP: 18/32 MP: 8/8
  2296 | D:3      | Found a shadowy altar of Dithmenos.
  2301 | D:3      | You are sucked into a shaft and drop 1 floor!
  2351 | D:4      | Reached skill level 3 in Dodging
  2351 | D:4      | Reached skill level 5 in Stealth
  2389 | D:4      | Learned a level 2 spell: Scorch
  2429 | D:4      | Reached XP level 6. HP: 37/37 MP: 10/10
  2696 | D:4      | Found Womum's Jewellery Shoppe.
  2715 | D:4      | Reached skill level 1 in Fire Magic
  2936 | D:4      | Found a shimmering altar of Xom.
  2938 | D:4      | Found a broken altar of Ashenzari.
  2945 | D:4      | Became a worshipper of Ashenzari the Shackled
  3075 | D:5      | Entered Level 5 of the Dungeon
  3083 | D:5      | Found a staircase to the Ecumenical Temple.
  3092 | Temple   | Entered the Ecumenical Temple
  3147 | D:5      | Reached XP level 7. HP: 40/42 MP: 12/12
  3297 | D:5      | Reached skill level 4 in Dodging
  3699 | D:5      | Found Sytoyrr's Weapon Shoppe.
  3704 | D:5      | Bought 3 curare-tipped darts for 23 gold pieces
  4101 | D:5      | Reached XP level 8. HP: 48/48 MP: 14/14
  4364 | D:6      | Noticed Blork the orc
  4369 | D:6      | Killed Blork the orc
  4598 | D:6      | Reached skill level 5 in Dodging
  4741 | D:6      | Reached skill level 5 in Fighting
  5136 | D:6      | Reached XP level 9. HP: 54/54 MP: 16/16
  5595 | D:7      | Reached skill level 6 in Dodging
  5712 | D:7      | Reached * piety under Ashenzari
  5814 | D:7      | Noticed a five-headed hydra
  5814 | D:7      | Noticed a cyan ugly thing
  5817 | D:7      | Reached skill level 5 in Fire Magic
  5956 | D:6      | Identified the +11 short sword of Contradiction {flame,
                  | MP+9 Str-5 Int+4}
  6030 | D:7      | Reached skill level 5 in Spellcasting
  6224 | D:7      | Killed a cyan ugly thing
  6589 | D:7      | Killed a five-headed hydra
  6590 | D:7      | Reached skill level 7 in Dodging
  6590 | D:7      | Reached XP level 10. HP: 6/63 MP: 20/20
  7350 | D:7      | Learned a level 4 spell: Flame Wave
  7681 | D:7      | Reached ** piety under Ashenzari
  7756 | D:8      | Reached skill level 1 in Conjurations
  8107 | D:8      | Found a sacrificial altar of Ru.
  8161 | D:8      | Reached skill level 1 in Summonings
  8263 | D:8      | Noticed a two-headed ogre
  8281 | D:8      | Killed a two-headed ogre
  8282 | D:8      | Reached skill level 1 in Necromancy
  8698 | D:9      | Reached *** piety under Ashenzari
  8869 | D:4      | Bought the amulet "Waeruni" {Reflect Drain rC+ rN+ SH+5}
                  | for 426 gold pieces
  9536 | D:9      | Noticed a two-headed ogre
  9544 | D:9      | Killed a two-headed ogre
  9545 | D:9      | Reached skill level 8 in Dodging
  9545 | D:9      | Reached XP level 11. HP: 9/72 MP: 23/25
  9889 | D:9      | Noticed a faun
  9899 | D:9      | Killed a faun
  9901 | D:9      | Noticed a boulder beetle
 10023 | D:10     | Entered Level 10 of the Dungeon
 10146 | D:10     | Found a bloodstained altar of Trog.
 10203 | D:10     | Reached skill level 1 in Poison Magic
 10322 | D:10     | Found a hide-covered altar of Uskayaw.
 10322 | D:10     | Found a stormy altar of Qazlal.
 10391 | D:10     | Noticed a six-headed hydra
 10461 | D:9      | Killed a boulder beetle
 10685 | D:9      | Identified the ring "Hoclowec" {+Blink rC+ rN+ Int-2 Dex+7}
 11059 | D:9      | Noticed a cyclops
 11075 | D:9      | Killed a cyclops
 11275 | D:9      | Noticed a two-headed ogre
 11309 | D:9      | Killed a two-headed ogre
 11360 | D:9      | Reached skill level 5 in Conjurations
 11430 | D:9      | Identified the ring of Cenn {rCorr Int+3 Dex+4}
 11430 | D:9      | Identified the ring "Okaamega" {Ice *Corrode rPois Int+4}
 11698 | D:9      | Noticed a deep elf pyromancer
 11708 | D:9      | Killed a deep elf pyromancer
 11780 | D:9      | Identified the ring of the Townfolk {Fly rElec rF- rN+
                  | Str+5}
 11785 | D:9      | Noticed a catoblepas
 11985 | D:9      | Found a shimmering blue altar of Sif Muna.
 12066 | D:10     | Identified a scroll of acquirement
 12329 | D:10     | Acquired 1105 gold pieces
 12369 | D:10     | Learned a level 4 spell: Olgreb's Toxic Radiance
 12703 | D:11     | Reached XP level 12. HP: 51/79 MP: 26/26
 12711 | D:11     | Reached skill level 5 in Summonings
 12909 | D:11     | Noticed a five-headed hydra
 13256 | D:11     | Found a staircase to the Lair.
 13347 | Lair:1   | Entered Level 1 of the Lair of Beasts
 13847 | Lair:1   | Reached skill level 5 in Necromancy
 13854 | Lair:1   | Reached skill level 9 in Dodging
 14065 | Lair:1   | Noticed Urug
 14076 | Lair:1   | Slain by Urug

Illustrated notes

Levels and vault maps discovered:
D:1:      heliophobic_arrival_battle_scene, layout_loops_ring, serial_shops,
          nicolae_shop_statue_plus, basic_ecumenical_altar
D:2:      layout_basic, uniq_natasha
D:3:      layout_loops_ring, grunt_dithmenos_smoke_and_mirrors
D:4:      layout_basic, amethyst_overflow_temple_binary, serial_corexii_hall,
          corexii_hall_statues_deadend, chequers_hall_statues_corner_a,
          corexii_hall_statues_x, serial_shops, shop, minmay_rat_hole
D:5:      layout_loops_ring, minmay_temple_entry_waves, serial_shops,
          nicolae_shop_hallway_plus
D:6:      layout_gridville, uniq_blork_the_orc
D:7:      cheibrodos_fzero, layout_loops_ring
D:8:      layout_basic, nicolae_ru_awakened_eye, minmay_misc_feat_room
D:9:      minmay_the_grid_triangle_9x9_rhombus_thin
          [minmay_the_grid_triangle_9x9_semitri,
          minmay_the_grid_triangle_9x9_prize_special,
          minmay_the_grid_triangle_9x9_checkered,
          minmay_the_grid_triangle_9x9_from_above], layout_stronghold,
          kennysheep_orc_sif_temple, eino_jars
D:10:     minmay_angry_zag, layout_cave_pools, general_overflow_altar,
          gammafunk_temple_overflow_wave
D:11:     minmay_cornered_nines, layout_basic, erik_lair_island
Temple:   dpeg_chambers_temple
Lair:1:   layout_roguey, uniq_urug

Skill      XL: |  1  2  3  4  5  6  7  8  9 10 11 12 |
---------------+-------------------------------------+-----
Spellcasting   | 1 2 3 4 5 6 7 |  7.4
Dodging        | 2 3 4 5 7 8 9 |  9.0
Fighting       | 3 4 5 6 7 8 |  8.5
Stealth        | 5 6 8 |  8.9
Fire Magic     | 1 2 4 6 7 8 |  8.3
Conjurations   | 3 5 6 |  6.2
Summonings     | 3 4 5 |  5.5
Necromancy     | 2 4 5 |  5.0
Poison Magic   | 2 3 |  3.6
Short Blades   | |  2.1
Throwing       | |  2.0

Action                   |  1- 3 |  4- 6 |  7- 9 | 10-12 || total
-------------------------+-------+-------+-------+-------++-------
Melee: Dagger            |    32 |   106 |    16 |       ||   154
       Kick              |     6 |    19 |    50 |   144 ||   219
       Peck              |     4 |     9 |    36 |   108 ||   157
       Punch             |     1 |     1 |       |     7 ||     9
       Scimitar          |       |       |   178 |   440 ||   618
Throw: Dart              |     2 |     8 |       |    34 ||    44
 Cast: Scorch            |       |       |     6 |       ||     6
Invok: Curse Item        |       |       |     2 |     2 ||     4
Evoke: Wand              |       |       |     6 |    14 ||    20
  Use: Potion            |       |     1 |     1 |     7 ||     9
       Scroll            |       |     3 |    12 |     4 ||    19
 Stab: Sleeping          |     6 |     3 |     7 |    11 ||    27
       Distracted        |       |       |     1 |     3 ||     4
       Petrified         |       |       |       |     1 ||     1
       Invisible         |       |       |       |     1 ||     1
Armor: Robe              |     7 |    16 |       |       ||    23
       Ring mail         |       |       |    62 |    13 ||    75
       Leather armour    |       |       |       |    62 ||    62
       Acid dragon scale |       |       |       |    60 ||    60
Dodge: Dodged            |    15 |    48 |   169 |   511 ||   743
Block: Other             |       |       |       |    80 ||    80
       Reflection        |       |       |       |     1 ||     1

Table legend: (Time is in decaauts)
 A = Elapsed time spent in this place.
 B = Non-inter-level travel time spent in this place.
 C = Inter-level travel time spent in this place.
 D = Time resting spent in this place.
 E = Time spent auto-exploring this place.
 F = Levels seen in this place.
 G = Mean time per level.
                   A        B        C        D        E       F      G
               +--------+--------+--------+--------+--------+-----+--------+
         Total |  13675 |  13286 |    389 |   3932 |   5651 |  13 | 1051.9 |
       Dungeon |  12954 |  12565 |    389 |   3673 |   5337 |  11 | 1177.6 |
        Temple |      1 |      1 |      0 |      0 |      0 |   1 |    1.0 |
          Lair |    718 |    718 |      0 |    259 |    313 |   1 |  718.0 |
               +--------+--------+--------+--------+--------+-----+--------+

Top non-repeatable levels by time:
     D:9: 2644 daAuts
     D:6: 1815 daAuts
     D:7: 1538 daAuts
     D:5: 1253 daAuts
     D:8: 1011 daAuts
    D:10: 957 daAuts
     D:1: 897 daAuts
     D:2: 784 daAuts
     D:4: 772 daAuts
  Lair:1: 718 daAuts
    D:11: 714 daAuts
     D:3: 566 daAuts
  Temple: 1 daAuts
